 Dungeon Crawl Stone Soup version 0.31-a0-662-g684573625c (webtiles) character file.

Game seed: 10785934984493426548

6 subawu the Conjurer (level 1, 0/14 HPs)
             Began as a Draconian Conjurer on Sept 1, 2023.
             Slain by a frilled lizard (3 damage)
             ... on level 1 of the Dungeon.
             The game lasted 00:01:06 (122 turns).

subawu the Conjurer (Draconian Conjurer)             Turns: 122, Time: 00:01:07

Health: 0/14       AC:  4    Str:  9    XL:     1   Next: 75%
Magic:  1/3        EV: 12    Int: 18    God:
Gold:   10         SH:  0    Dex:  9    Spells: 3/4 levels left

rFire   . . .        c - +0 dagger
rCold   . . .        (no shield)
rNeg    . . .        (body armour unavailable)
rPois   .            (helmet restricted)
rElec   .            (no cloak)
rCorr   .            (no gloves)
SInv    .            (no boots)
Will    .....        (no amulet)
Stlth   ++           (no ring)
HPRegen 0.22/turn    (no ring)
MPRegen 0.08/turn

%: no passive effects
@: no status effects
A: AC +4, unfitting armour, cold-blooded
a: no special abilities


You were on level 1 of the Dungeon.
You visited 1 branch of the dungeon, and saw 1 of its levels.

You collected 10 gold pieces.

Inventory:

Hand Weapons
 c - a +0 dagger (weapon)
Scrolls
 d - a scroll of poison {unknown}
Potions
 a - a potion of magic
 b - a potion of brilliance {unknown}


   Skills:
 + Level 1.9 Dodging
 + Level 1.9 Stealth
 + Level 2.1 Spellcasting
 + Level 4.1 Conjurations


You had 3 spell levels left.
You knew the following spells:

 Your Spells              Type           Power      Damage    Failure   Level
a - Magic Dart            Conj           64%        1d6       3%          1

Your spell library contained the following spells:

 Spells                   Type           Power      Damage    Failure   Level
 Searing Ray              Conj           32%        2d5       4%          2
 Dazzling Flash           Conj/Hex       18%        N/A       24%         3
 Fulminant Prism          Conj/Hex       4%         3d5       61%         4
 Iskenderun's Mystic Bla  Conj/Tloc      9%         2d4       61%         4


Dungeon Overview and Level Annotations

Branches:
Dungeon (1/15)

Altars:


Innate Abilities, Weirdness & Mutations

Your plain brown scales are hard. (AC +4)
You cannot fit into any form of body armour.
You are cold-blooded and may be slowed by cold attacks.


Message History

The quokka bites you.
* * * LOW HITPOINT WARNING * * *
The kobold completely misses you. The frilled lizard misses you.
The quokka closely misses you.
You hit the quokka. You tail-slap the quokka.
You kill the quokka!
The kobold barely misses you. The frilled lizard barely misses you.
Casting: Magic Dart (safe; 3% risk of failure)
Confirm with . or Enter, or press ? or * to list all spells.
You don't have enough magic to cast this spell.
The endoplasm closely misses you.
There is an open door here.
Your magical contamination has completely faded away.
The kobold attacks as it pursues you! The kobold barely misses you.
You closely miss the kobold. The kobold barely misses you.
You hit the kobold.
The kobold is moderately wounded.
The kobold closely misses you.
The frilled lizard bites you but does no damage.
You barely miss the kobold. You tail-slap the kobold.
The kobold is severely wounded.
The kobold hits you but does no damage.
The frilled lizard bites you but does no damage.
You barely miss the kobold.
The kobold is severely wounded.
The frilled lizard bites you but does no damage.
The kobold hits you with a +0 dagger.
* * * LOW HITPOINT WARNING * * *
The kobold attacks as it pursues you! The kobold barely misses you.
You hit the kobold.
You kill the kobold!
The goblin hits you with a +0 short sword.
* * * LOW HITPOINT WARNING * * *
You miss the frilled lizard.
Your tail-slap misses the frilled lizard.
The goblin misses you. The frilled lizard closely misses you.
You closely miss the frilled lizard.
Your tail-slap misses the frilled lizard.
The goblin hits you but does no damage. The frilled lizard bites you.
You die...

............... ≈.....
......(....#..# ≈.?..
........).....# ≈....
#####+#'#.##.## ....
#.....#... ##≈§####
#####...###..# #..§.#.#
#....JKJ# ..# ≈....≈.#
#.####gl###..#
§.⌠<.≈.###.# #.@.....#
§§.[.§.#...####.#####.####
#§...#.#.##..............#
##≈§#'...........####.##.#
#.......#.#...........#
.[......#..†...######..
.#########.....# . #.....#
. ####.....#


You could see 2 endoplasms, a goblin, a kobold and a frilled lizard.

Vanquished Creatures
  2 bats (D:1)
  2 kobolds (D:1)
  A quokka (D:1)
5 creatures vanquished.

Notes
Turn   | Place    | Note
-------+----------+-------------------------------------------
     0 | D:1      | subawu the Draconian Conjurer began the quest for the Orb.
     0 | D:1      | Reached XP level 1. HP: 14/14 MP: 3/3
   122 | D:1      | Slain by a frilled lizard

Illustrated notes

Levels and vault maps discovered:
D:1:      dpeg_arrival_rooms_with_view, layout_basic, minmay_close_crescents

Action                     || total
---------------------------++-------
  Melee: Dagger            ||    17
         Tailslap          ||     2
   Cast: Magic Dart        ||     5
 Armour: Skin              ||    26
  Dodge: Dodged            ||    33

Table legend: (Time is in decaauts)
 A = Elapsed time spent in this place.
 B = Non-inter-level travel time spent in this place.
 C = Inter-level travel time spent in this place.
 D = Time resting spent in this place.
 E = Time spent auto-exploring this place.
 F = Levels seen in this place.
 G = Mean time per level.
                   A        B        C        D        E       F      G
               +--------+--------+--------+--------+--------+-----+--------+
         Total |    121 |    121 |      0 |     22 |     30 |   1 |  121.0 |
       Dungeon |    121 |    121 |      0 |     22 |     30 |   1 |  121.0 |
               +--------+--------+--------+--------+--------+-----+--------+

Top non-repeatable levels by time:
     D:1: 121 daAuts
